[Event "Team 45 45 League T26"]
[Site "Internet Chess Club"]
[Date "2005.04.14"]
[Round "5"]
[White "PolarBear1"]
[Black "DTK"]
[Result "0-1"]
[WhiteElo "1933"]
[BlackElo "1982"]
[TimeControl "2700+45"]

1. Nf3 Nf6 2. g3 g6 3. Bg2 Bg7 4. O-O d5 5. d3 O-O 6. Nbd2 Nc6 7. e4 e6 8. c3
Ne7 9. e5 Nd7 10. d4 c5 11. Re1 Qb6 12. Nf1 Nc6 13. h4 cxd4 14. cxd4 f6 15. exf6
Nxf6 16. Rb1 Bd7 17. N1h2 Ne4 18. Be3 a5 19. Ne5 Nxe5 20. dxe5 Qc7 21. Bxe4 dxe4
22. Rc1 Bc6 23. Bc5 Bxe5 24. Bxf8 Rxf8 25. Qb3 Qd6 26. Rxc6 Qxc6 27. Ng4 Bd4 28.
Rd1 Rf3 29. Rxd4 Rxb3 30. axb3 Qc1+ 31. Kg2 Qxb2 32. Rd7 h5 33. Nh6+ Kf8 34.
Rxb7 a4 35. Rf7+ Ke8 36. bxa4 Qd2 37. Kf1 Qxh6 38. Rf4 Qg7 39. Rxe4 Qa1+ 40. Ke2
Ke7 41. f4 Qc3 42. Re3 Qc4+ 43. Kf3 Qxa4 44. Re5 Qb3+ 45. Kf2 Kf6 46. Rg5 Qd3
47. Ke1 Qc2 48. Kf1 Qh2 49. Ke1 Qg2 50. Kd1 Qf2 51. Kc1 Qe2 52. Kb1 Qd2 53. Ka1
Qc2 54. Re5 Qc3+ 55. Kb1 Qxe5 56. fxe5+ Kxe5 57. Kc2 Ke4 58. Kd2 Kf3 59. Kd3
Kxg3 60. Ke4 Kxh4 61. Ke5 g5 62. Kxe6 g4 63. Kf5 g3 64. Kf4 g2 65. Kf3 g1=Q
{White resigns} 0-1

[Event "Team 45 45 League T26"]
[Site "Internet Chess Club"]
[Date "2005.04.15"]
[Round "5"]
[White "GolferBob"]
[Black "Rainbird"]
[Result "1-0"]
[WhiteElo "1652"]
[BlackElo "1620"]
[TimeControl "2700+45"]

1. d4 d5 2. Nf3 Nf6 3. Bg5 c5 4. e3 Qb6 5. Qc1 h6 6. Bf4 Nc6 7. c3 Nh5 8. Nbd2
Nxf4 9. exf4 Bf5 10. dxc5 Qxc5 11. Nb3 Qb6 12. Qd2 e6 13. Nbd4 Be4 14. Bb5 Bxf3
15. Bxc6+ bxc6 16. Nxf3 Bd6 17. O-O O-O 18. Ne5 Qc7 19. Rfe1 Rab8 20. g3 c5 21.
a3 c4 22. Nf3 a5 23. Nd4 Qb6 24. Reb1 Bc5 25. b4 Bxd4 26. cxd4 axb4 27. Rxb4 Qa5
28. Qb2 Rxb4 29. Qxb4 Qxb4 30. axb4 Rb8 31. Rb1 Kf8 32. Kf1 Ke7 33. Ke2 Kd6 34.
Kd2 f6 35. Kc3 Ra8 36. b5 Ra3+ 37. Kd2 Rd3+ 38. Ke2 e5 39. fxe5+ fxe5 40. dxe5+
Kxe5 41. b6 {Black resigns} 1-0

[Event "Team 45 45 League T26"]
[Site "Internet Chess Club"]
[Date "2005.04.17"]
[Round "5"]
[White "jantonio"]
[Black "vvsi"]
[Result "1-0"]
[WhiteElo "1669"]
[BlackElo "1647"]
[TimeControl "2700+45"]

1. Nf3 c5 2. g3 e6 3. Bg2 Nc6 4. O-O d5 5. d3 g6 6. Nbd2 Bg7 7. e4 Nge7 8. Re1
b6 9. c3 Ba6 10. exd5 Nxd5 11. Qa4 Bb7 12. Ne5 Bxe5 13. Rxe5 O-O 14. Re1 Nde7
15. d4 cxd4 16. Ne4 f5 17. Ng5 d3 18. Qh4 h5 19. Nxe6 d2 20. Bxd2 Qxd2 21. Nxf8
Kxf8 22. Qf6+ Kg8 23. Rad1 Rf8 24. Qe6+ {Black resigns} 1-0

[Event "Team 45 45 League T26"]
[Site "Internet Chess Club"]
[Date "2005.04.17"]
[Round "5"]
[White "Gardener"]
[Black "clarinetref"]
[Result "1-0"]
[WhiteElo "1511"]
[BlackElo "1430"]
[TimeControl "2700+45"]

1. e4 c5 2. Bc4 e6 3. Nf3 Nc6 4. d4 cxd4 5. Nxd4 g6 6. Nc3 Bg7 7. Be3 Nge7 8.
O-O O-O 9. Nce2 Ne5 10. Bb3 Ng4 11. Bg5 Qc7 12. Ng3 Nc6 13. Nxc6 bxc6 14. Qxg4
Bxb2 15. Rab1 Bg7 16. h4 d5 17. exd5 exd5 18. Qf3 Be6 19. h5 Qe5 20. Bf4 Qf6 21.
h6 Bh8 22. Rfe1 Rfe8 23. Be5 Qxf3 24. gxf3 f6 25. Bd4 Kf7 26. Ba4 Rec8 27. Rb7+
Kf8 28. Rxe6 c5 29. Bxf6 Bxf6 {Black resigns} 1-0

[Event "Team 45 45 League T26"]
[Site "Internet Chess Club"]
[Date "2005.04.16"]
[Round "5"]
[White "Just-Jim"]
[Black "ChessicStudent"]
[Result "1/2-1/2"]
[WhiteElo "1399"]
[BlackElo "1496"]
[TimeControl "2700+45"]

1. e4 e6 2. d4 d5 3. exd5 exd5 4. Nc3 c6 5. Nf3 Bf5 6. Bd3 Bxd3 7. Qxd3 Ne7 8.
Bg5 f6 9. Bh4 Ng6 10. O-O Nxh4 11. Nxh4 Bd6 12. Rfe1+ Kf7 13. Nf5 Bc7 14. Re2 g6
15. Nh6+ Kg7 16. Qh3 Re8 17. Rae1 Rxe2 18. Rxe2 Qd6 19. Re8 Qxh2+ 20. Qxh2 Bxh2+
21. Kxh2 Kxh6 22. Re7 b6 23. Rc7 a5 24. a4 Na6 25. Rxc6 Nb4 26. Rxf6 Nxc2 27.
Rxb6 Nxd4 28. Rd6 Rb8 29. Nd1 Rb4 30. Nc3 Rxb2 31. Rxd5 Nb3 32. Kg3 Rc2 33. Rd3
{Game drawn by mutual agreement} 1/2-1/2

[Event "Team 45 45 League T26"]
[Site "Internet Chess Club"]
[Date "2005.04.16"]
[Round "5"]
[White "ARONOVICH"]
[Black "Chess2Play"]
[Result "1-0"]
[WhiteElo "1738"]
[BlackElo "1712"]
[TimeControl "2700+45"]

1. e4 c5 2. Nf3 Nc6 3. d4 cxd4 4. Nxd4 g6 5. Nc3 Bg7 6. Be3 Nf6 7. Bc4 O-O 8.
O-O d6 9. h3 Nd7 10. Rb1 Nde5 11. Be2 Bd7 12. f4 Nxd4 13. Bxd4 Nc6 14. Bxg7 Kxg7
15. Kh2 f5 16. exf5 Bxf5 17. Bg4 Qd7 18. Nd5 e6 19. Bxf5 Rxf5 20. Ne3 Rf7 21.
Qg4 Rc8 22. Rbd1 Nb4 23. f5 Nxc2 24. fxe6 Nxe3 25. Qd4+ Kg8 26. exf7+ Kf8 27.
Qxe3 Rc5 28. Qh6+ Ke7 29. f8=Q+ Ke6 {Black resigns} 1-0

[Event "Team 45 45 League T26"]
[Site "Internet Chess Club"]
[Date "2005.04.18"]
[Round "5"]
[White "mitdale"]
[Black "GadsHill"]
[Result "1-0"]
[WhiteElo "1706"]
[BlackElo "1539"]
[TimeControl "2700+45"]

1. e4 d6 2. d3 c5 3. Nd2 Nc6 4. Ngf3 g6 5. g3 Bg7 6. c3 e6 7. Bg2 Nge7 8. O-O
O-O 9. Re1 b6 10. Qe2 Ba6 11. Nf1 Rc8 12. h4 Re8 13. N1h2 Ne5 14. c4 h6 15. Rb1
N7c6 16. Bf4 Nxf3+ 17. Nxf3 Nd4 18. Nxd4 cxd4 19. e5 dxe5 20. Bxe5 Rc5 21. Bxg7
Kxg7 22. b4 Rc7 23. Qe5+ Kh7 24. Re4 Rd7 25. Rf4 Rf8 26. Re1 Bb7 27. Bxb7 Rxb7
28. Rxd4 Qe7 29. a3 Rd7 30. Rxd7 Qxd7 31. Re3 Rd8 32. Qe4 Qa4 33. h5 Qd1+ 34.
Kg2 Qxh5 35. Qb7 Qf5 36. Qxa7 Rxd3 37. Rxd3 Qxd3 38. Qxf7+ Kh8 39. Qxe6 Qxa3 40.
Qxb6 Qa8+ 41. Kh2 Qf3 42. b5 Qe2 43. Qf6+ Kh7 44. Qd4 Qh5+ 45. Kg2 Qg5 46. b6
Qe7 47. c5 Qb7+ 48. Kg1 Qf3 49. Qd7+ Kg8 50. b7 {Black resigns} 1-0

[Event "Team 45 45 League T26"]
[Site "Internet Chess Club"]
[Date "2005.04.15"]
[Round "5"]
[White "Cantemir"]
[Black "Xidnan"]
[Result "0-1"]
[WhiteElo "1643"]
[BlackElo "1529"]
[TimeControl "2700+45"]

1. Nf3 d5 2. d4 Nc6 3. e3 Bg4 4. Bd3 e5 5. dxe5 Nxe5 6. Nbd2 Qf6 7. Be2 Nxf3+ 8.
Nxf3 c6 9. O-O Bd6 10. Re1 Nh6 11. Qd4 Qg6 12. Bd3 Qh5 13. e4 O-O-O 14. e5 Bb8
15. Nd2 f6 16. Nf1 fxe5 17. Qb4 e4 18. Bxh6 gxh6 19. h3 Bxh3 20. Be2 Qg5 21. g3
Bxg3 22. Nxg3 h5 23. Bxh5 Rhg8 24. Kh2 Qh4 25. Rh1 Rdf8 26. Qd2 Rf5 27. Rag1
Bf1# {White checkmated} 0-1

[Event "Team 45 45 League T26"]
[Site "Internet Chess Club"]
[Date "2005.04.17"]
[Round "5"]
[White "Colonel-Klutz"]
[Black "pokerram"]
[Result "0-1"]
[WhiteElo "1429"]
[BlackElo "1554"]
[TimeControl "2700+45"]

1. e4 c5 2. Nf3 d6 3. d4 cxd4 4. Nxd4 Nf6 5. Nc3 a6 6. Bc4 e6 7. O-O b5 8. Bb3
Be7 9. Re1 Qc7 10. f4 Nbd7 11. f5 e5 12. Nf3 h6 13. h3 Bb7 14. g4 Nc5 15. g5
Nfxe4 16. Nxe4 Nxe4 17. gxh6 gxh6 18. a4 Rg8+ 19. Kh2 Qc6 20. Bxh6 Nd2 21. Nh4
Nxb3 22. cxb3 Bxh4 23. Rxe5+ {White resigns} 0-1

[Event "Team 45 45 League T26"]
[Site "Internet Chess Club"]
[Date "2005.04.15"]
[Round "5"]
[White "StrayLite"]
[Black "Catalog"]
[Result "1-0"]
[WhiteElo "1987"]
[BlackElo "2132"]
[TimeControl "2700+45"]

1. e4 d5 2. exd5 Qxd5 3. Nc3 Qa5 4. Bc4 Nf6 5. d3 Bg4 6. f3 Bh5 7. Bd2 c6 8. Qe2
e6 9. Nh3 Bb4 10. Nf4 Nbd7 11. g4 Bg6 12. h4 O-O-O 13. h5 Ne5 14. hxg6 Nxc4 15.
dxc4 hxg6 16. Rxh8 Rxh8 17. O-O-O g5 18. Nd3 Bd6 19. Kb1 Rh2 20. Qe3 Qd8 21.
Qxa7 Qh8 22. Qa8+ Bb8 23. Nc5 {Black forfeits on time} 1-0

[Event "Team 45 45 League T26"]
[Site "Internet Chess Club"]
[Date "2005.04.15"]
[Round "5"]
[White "EdBorowski"]
[Black "kabindra"]
[Result "1-0"]
[WhiteElo "2030"]
[BlackElo "1761"]
[TimeControl "2700+45"]

1. d4 Nf6 2. c4 g6 3. Nf3 Bg7 4. Nc3 O-O 5. Bg5 d6 6. e3 Bg4 7. Be2 Nc6 8. O-O
a6 9. Qd2 Qd7 10. h3 Bxf3 11. Bxf3 Rad8 12. Rfd1 e5 13. Nd5 Qf5 14. e4 Nxe4 15.
Bxe4 Qxe4 16. Bxd8 Rxd8 17. Nxc7 Nxd4 18. Nd5 Ne2+ 19. Kf1 Nd4 20. Rac1 Qh4 21.
Qa5 Rc8 22. Qb6 Bh6 23. Qxb7 Rf8 24. Rc3 Kg7 25. Qxa6 Qh5 26. g4 Qg5 27. Qxd6
Ne6 28. Qe7 Nd4 29. b4 Qxe7 30. Nxe7 Re8 31. Nd5 Rd8 32. f4 f6 33. a4 Kf7 34. a5
Nc6 35. fxe5 Nxe5 36. b5 Bf8 37. a6 Bc5 38. b6 Bxb6 39. Rb1 Bd4 40. Rb7+ Rd7 41.
Rcb3 Ke6 42. Rxd7 Kxd7 43. a7 Bxa7 44. Rb7+ Kd6 45. Rxa7 Nxc4 46. Nxf6 h6 47.
Ra6+ Ke5 48. Nd7+ Kf4 49. Ra4 {Black resigns} 1-0

[Event "Team 45 45 League T26"]
[Site "Internet Chess Club"]
[Date "2005.04.18"]
[Round "5"]
[White "DocHoliday"]
[Black "Aldos"]
[Result "1/2-1/2"]
[WhiteElo "1906"]
[BlackElo "2037"]
[TimeControl "2700+45"]

1. e4 d5 2. exd5 Qxd5 3. Nc3 Qd6 4. Bc4 Nf6 5. Nge2 e6 6. O-O Be7 7. d4 O-O 8.
Bf4 Qb4 9. Bb3 Bd6 10. a3 Qa5 11. Qd2 b6 12. d5 exd5 13. Nxd5 Qxd2 14. Nxf6+
gxf6 15. Bxd2 Bb7 16. Bc3 Nd7 17. Ng3 Be5 18. Ne2 Nc5 19. f4 Bxc3 20. Nxc3 Nxb3
21. cxb3 Rad8 22. Rad1 Rfe8 23. Rxd8 Rxd8 24. Rf2 c5 25. Re2 Kf8 26. Kf2 Rd4 27.
g3 Rd3 28. Re3 Rd2+ 29. Re2 Rd3 30. Re3 {Game drawn by mutual agreement} 1/2-1/2

[Event "Team 45 45 League T26"]
[Site "Internet Chess Club"]
[Date "2005.04.19"]
[Round "5"]
[White "GolferBob"]
[Black "EricW"]
[Result "1/2-1/2"]
[WhiteElo "1733"]
[BlackElo "1870"]
[TimeControl "2700+45"]

1. d4 Nf6 2. Nf3 e6 3. Bg5 h6 4. Bh4 c5 5. e3 cxd4 6. exd4 d5 7. c3 Be7 8. Nbd2
O-O 9. Bd3 Nbd7 10. O-O b6 11. Re1 Bb7 12. h3 Nh5 {Game drawn by mutual
agreement} 1/2-1/2

[Event "Team 45 45 League T26"]
[Site "Internet Chess Club"]
[Date "2005.04.17"]
[Round "5"]
[White "Zap"]
[Black "softbunney"]
[Result "1/2-1/2"]
[WhiteElo "2107"]
[BlackElo "2095"]
[TimeControl "2700+45"]

1. e4 c5 2. Nf3 Nc6 3. d4 cxd4 4. Nxd4 Nf6 5. Nc3 e5 6. Nf5 d5 7. exd5 Bxf5 8.
dxc6 bxc6 9. Qf3 Qd7 10. Bg5 Be7 11. Rd1 Qe6 12. Bc4 Qxc4 13. Qxf5 O-O 14. Qd3
{Game drawn by mutual agreement} 1/2-1/2

[Event "Team 45 45 League T26"]
[Site "Internet Chess Club"]
[Date "2005.04.16"]
[Round "5"]
[White "Akaineco"]
[Black "billarvola"]
[Result "1-0"]
[WhiteElo "2042"]
[BlackElo "1967"]
[TimeControl "2700+45"]

1. e4 e5 2. f4 exf4 3. Nf3 d6 4. d4 g5 5. h4 g4 6. Ng1 Qf6 7. Nc3 Ne7 8. Bc4 Bh6
9. Nge2 f3 10. Bxh6 Qxh6 11. gxf3 gxf3 12. Qc1 Qxc1+ 13. Nxc1 Rg8 14. Nd3 Bg4
15. Nb5 Na6 16. Kf2 Kd7 17. Bxf7 Rgf8 18. Bb3 c6 19. Nc3 Nc7 20. Rhg1 h5 21. e5
Nf5 22. exd6 Kxd6 23. Ne4+ Kd7 24. Ne5+ Kc8 25. Nxg4 hxg4 26. Rxg4 Nb5 27. c3
Kc7 28. Nc5 Rh8 29. Rh1 Rh6 30. Rf4 Nbd6 31. Ne6+ Kd7 32. Ng5 Rg8 33. Bxg8
{Black resigns} 1-0

[Event "Team 45 45 League T26"]
[Site "Internet Chess Club"]
[Date "2005.04.14"]
[Round "5"]
[White "nminwalla"]
[Black "tgralex"]
[Result "1/2-1/2"]
[WhiteElo "1846"]
[BlackElo "1856"]
[TimeControl "2700+45"]

1. e4 e5 2. Nf3 Nc6 3. Bb5 Bc5 4. c3 a6 5. Ba4 b5 6. Bc2 d6 7. h3 Nge7 8. d4
exd4 9. cxd4 Bb6 10. O-O Ng6 11. Nc3 O-O 12. Bg5 f6 13. Be3 Nce7 14. Bb3+ Kh8
15. Nd5 Nxd5 16. Bxd5 Rb8 17. Rc1 Ne7 18. Bb3 Bb7 19. Bc2 Qd7 20. Re1 f5 21. d5
Ba5 22. Re2 fxe4 23. Bxe4 Nf5 24. Bd4 Rbe8 25. Qd3 Qf7 26. Bc3 Bxc3 27. Rxc3 h6
28. g4 Ne7 29. Rxc7 Bxd5 30. Nd2 Qe6 31. Bf5 Qxe2 32. Qxe2 Nxf5 33. Qd3 Re1+ 34.
Nf1 Ne3 35. fxe3 Bc4 36. Qd4 Rexf1+ 37. Kg2 R1f2+ 38. Kg3 R2f3+ 39. Kh4 R8f6 40.
Rc8+ Bg8 41. g5 hxg5+ 42. Kg4 Rf1 43. Kg3 {Game drawn by mutual agreement}
1/2-1/2

[Event "Team 45 45 League T26"]
[Site "Internet Chess Club"]
[Date "2005.04.15"]
[Round "5"]
[White "ReelBigFish"]
[Black "az2112"]
[Result "1-0"]
[WhiteElo "1780"]
[BlackElo "1637"]
[TimeControl "2700+45"]

1. e4 c5 2. Nf3 d6 3. d4 cxd4 4. Nxd4 Nf6 5. Nc3 a6 6. Bg5 e6 7. f4 Be7 8. Qf3
O-O 9. Bd3 e5 10. fxe5 dxe5 11. Nf5 Bxf5 12. Qxf5 Nc6 13. O-O-O Qc7 14. Nd5 Nxd5
15. exd5 Bxg5+ 16. Qxg5 Nb4 17. Kb1 Nxd3 18. Rxd3 Qd6 19. Rg3 g6 20. h4 Qxd5 21.
h5 Rad8 22. Rd3 Qa5 23. hxg6 fxg6 24. Qe7 h5 25. Qe6+ Kg7 26. g4 Rxd3 27. gxh5
Rdf3 28. Qxg6+ Kh8 29. Qh6+ Kg8 30. Rg1+ Kf7 31. Rg7+ Ke8 32. Qe6+ Kd8 33. Qd7#
{Black checkmated} 1-0

[Event "Team 45 45 League T26"]
[Site "Internet Chess Club"]
[Date "2005.04.17"]
[Round "5"]
[White "fledermaus"]
[Black "steve"]
[Result "1-0"]
[WhiteElo "1953"]
[BlackElo "1897"]
[TimeControl "2700+45"]

1. d4 Nf6 2. c4 g6 3. Nc3 Bg7 4. e4 d6 5. Be2 O-O 6. Nf3 Bg4 7. Be3 Nc6 8. d5
Bxf3 9. Bxf3 Ne5 10. Be2 e6 11. O-O exd5 12. cxd5 Qe7 13. f3 a6 14. Qd2 Rfe8 15.
Bg5 c5 16. dxc6 bxc6 17. Rad1 d5 18. Kh1 dxe4 19. fxe4 Rad8 20. Qf4 Rxd1 21.
Bxd1 Ned7 22. Bb3 Qe5 23. Qxe5 Rxe5 24. Bf4 Re8 25. Bd6 Ne5 26. g3 Nfd7 27. Kg2
Bf8 28. Bxf8 Kxf8 29. Rd1 Nc5 30. Bc2 Nc4 31. Kf3 Kg7 32. b4 Na3 33. bxc5 Nxc2
34. Rd6 Re5 35. Na4 Nb4 36. Kf4 f6 37. a3 g5+ 38. Ke3 Nc2+ 39. Kd3 Ne1+ 40. Kd4
Nf3+ 41. Kd3 Re7 42. Nb6 h5 43. Nc4 Rb7 44. Kc3 Nxh2 45. Rxc6 Nf3 46. Nd6 Ne5
47. Rc8 Rb1 48. Kc2 Rg1 49. c6 Rg2+ 50. Kd1 Rg1+ 51. Ke2 Rg2+ 52. Kf1 Rc2 53. c7
Nf3 54. Rd8 Rd2 55. Nf5+ Kf7 56. Rxd2 {Black resigns} 1-0

[Event "Team 45 45 League T26"]
[Site "Internet Chess Club"]
[Date "2005.04.16"]
[Round "5"]
[White "ears"]
[Black "bmw2002"]
[Result "1-0"]
[WhiteElo "1738"]
[BlackElo "1680"]
[TimeControl "2700+45"]

1. a3 e5 2. g3 Nf6 3. d3 d5 4. Bg2 Be7 5. Nd2 Nc6 6. e3 Bg4 7. Ne2 Qd7 8. h3 Be6
9. b3 O-O 10. Bb2 b5 11. g4 Ne8 12. Nf3 f6 13. Qd2 b4 14. a4 Na5 15. Ng3 c5 16.
e4 Rd8 17. Nf5 c4 18. dxc4 dxc4 19. Nxe7+ Qxe7 20. Qe3 cxb3 21. cxb3 Nxb3 22.
Rd1 Rxd1+ 23. Kxd1 a5 24. Bf1 Nd6 25. Nd2 Nxd2 26. Kxd2 Qc7 27. Bd3 Rd8 28. Ke2
Qc6 29. g5 Bc4 30. Bxc4+ Qxc4+ 31. Kf3 Rf8 32. g6 h6 33. Rc1 Qe6 34. Kg2 Rc8 35.
Qb6 Rxc1 36. Bxc1 Qc4 37. Qd8+ {Black resigns} 1-0

[Event "Team 45 45 League T26"]
[Site "Internet Chess Club"]
[Date "2005.04.20"]
[Round "5"]
[White "GoIrish"]
[Black "Budzo"]
[Result "1-0"]
[WhiteElo "1567"]
[BlackElo "1709"]
[TimeControl "2700+45"]

1. Nf3 d5 2. g3 c5 3. Bg2 Nc6 4. O-O e6 5. d3 Nf6 6. Nbd2 Be7 7. Re1 O-O 8. e4
b5 9. b3 d4 10. a4 bxa4 11. bxa4 e5 12. Nc4 Qc7 13. Rf1 Be6 14. Nfd2 Na5 15.
Nxa5 Qxa5 16. f4 Ng4 17. Nb3 Bxb3 18. cxb3 Nf6 19. fxe5 Nd7 20. Bf4 Rfe8 21. Bh3
Nf8 22. Rf2 Qb6 23. Rb1 a5 24. Bg2 Ne6 25. Qg4 Nf8 26. h4 Qe6 27. Qxe6 Nxe6 28.
Bd2 Bd8 29. h5 Bc7 30. Bf4 Nd8 31. Rc2 Nb7 32. e6 Bxf4 33. exf7+ Kxf7 34. gxf4
Rec8 35. e5 Rab8 36. Bd5+ Ke7 37. Rf1 Rc7 38. f5 Nd8 39. Rg2 Kf8 40. f6 {Black
resigns} 1-0

[Event "Team 45 45 League T26"]
[Site "Internet Chess Club"]
[Date "2005.04.16"]
[Round "5"]
[White "clarnibass"]
[Black "Zyme"]
[Result "1/2-1/2"]
[WhiteElo "1720"]
[BlackElo "1569"]
[TimeControl "2700+45"]

1. e4 e6 2. d4 d5 3. Nd2 Be7 4. Ngf3 Nf6 5. e5 Nfd7 6. Bd3 c5 7. c3 Nc6 8. O-O
a5 9. Re1 cxd4 10. cxd4 Qb6 11. Nb1 Nxd4 12. Nxd4 Qxd4 13. Nc3 Bc5 14. Be3 Qh4
15. Bc2 O-O 16. Bxc5 Nxc5 17. Re3 Qe7 18. Bxh7+ Kxh7 19. Qh5+ Kg8 20. Rh3 f5 21.
Nb5 Ne4 22. Qh7+ Kf7 23. Qh5+ Kg8 24. Qh7+ Kf7 25. Qh5+ Kg8 26. Qh7+ {Game drawn
by repetition} 1/2-1/2

[Event "Team 45 45 League T26"]
[Site "Internet Chess Club"]
[Date "2005.04.20"]
[Round "5"]
[White "Loco-Motif"]
[Black "Irvin"]
[Result "0-1"]
[WhiteElo "1819"]
[BlackElo "1778"]
[TimeControl "2700+45"]

1. d4 d5 2. c4 c6 3. Nc3 e6 4. e4 Bb4 5. exd5 exd5 6. cxd5 Qxd5 7. Nf3 Bg4 8.
Be2 Nf6 9. Bd2 Qd6 10. a3 Ba5 11. b4 Bc7 12. Ne5 Be6 13. Be3 Nbd7 14. f4 Nd5 15.
Nxd5 Bxd5 16. Bf3 Nf6 17. O-O Bxf3 18. Qxf3 Nd5 19. Rad1 O-O 20. g3 a5 21. Nc4
Qf6 22. Nxa5 Bxa5 23. bxa5 Rxa5 24. Bc1 Re8 25. Rd3 Qe7 26. Bd2 Raa8 27. Rb3 Qe4
28. Qxe4 Rxe4 29. Rxb7 Rxd4 30. Bb4 Rc4 31. Rd1 g6 32. Bd6 Re8 33. Rb8 Rxb8 34.
Bxb8 Kf8 35. Re1 f5 36. Bd6+ Kf7 37. Kf2 Rc3 38. Ra1 Ke6 39. Be5 Rc2+ 40. Kg1
Kd7 41. a4 Kc8 42. a5 Kb7 43. a6+ Ka7 44. Ra5 Rc4 45. Bd6 Nb6 46. Bc5 Rc1+ 47.
Kf2 Rb1 48. Ke3 Rb5 49. Bxb6+ Kxb6 50. Rxb5+ cxb5 51. h3 Kxa6 52. g4 b4 53. Kd3
Kb5 54. gxf5 gxf5 55. h4 h5 56. Kd4 b3 57. Ke5 b2 58. Kxf5 b1=Q+ 59. Kg5 Qh7 60.
f5 Kc6 61. Kf6 Kd6 62. Kg5 Ke5 63. f6 Qg8+ 64. Kxh5 {White resigns} 0-1

[Event "Team 45 45 League T26"]
[Site "Internet Chess Club"]
[Date "2005.04.18"]
[Round "5"]
[White "Aquaman"]
[Black "az2112"]
[Result "0-1"]
[WhiteElo "1660"]
[BlackElo "1655"]
[TimeControl "2700+45"]

1. d4 Nf6 2. Nc3 d5 3. e4 Nxe4 4. Nxe4 dxe4 5. f3 exf3 6. Nxf3 Bg4 7. Bc4 e6 8.
O-O Bd6 9. h3 Bh5 10. c3 O-O 11. Qe1 Nd7 12. Bd3 Nf6 13. Bg5 h6 14. Bh4 c5 15.
Kh1 Rc8 16. dxc5 Bxc5 17. Bc2 Be7 18. Rd1 Qc7 19. Rd2 Rfd8 20. Bg3 Qb6 21. Qb1
Rxd2 22. Nxd2 Qe3 23. Bf4 Qb6 24. Bg3 Be2 25. Re1 Bb5 26. a4 Bc6 27. Nc4 Qc5 28.
Ne5 Bd5 29. Nd3 Qc6 30. Nf4 Bd6 31. Nxd5 Nxd5 32. Bf2 Nf4 33. Be4 Qxa4 34. Bxb7
Rb8 35. Bf3 Ba3 36. Bd1 Qc4 37. Re4 Qf1+ {White resigns} 0-1

[Event "Team 45 45 League T26"]
[Site "Internet Chess Club"]
[Date "2005.04.18"]
[Round "5"]
[White "DaveTheRook"]
[Black "KaissaXiaolin"]
[Result "0-1"]
[WhiteElo "1655"]
[BlackElo "1545"]
[TimeControl "2700+45"]

1. d4 d5 2. c4 Nc6 3. Nf3 Bg4 4. cxd5 Bxf3 5. gxf3 Qxd5 6. e3 e5 7. Nc3 Bb4 8.
Bd2 Bxc3 9. bxc3 Qd6 10. Bd3 Nge7 11. Rb1 b6 12. Ke2 f5 13. Qa4 O-O-O 14. h4
Rhe8 15. Bc1 Nd5 16. Kd2 Nxc3 17. Kxc3 exd4+ 18. exd4 Nxd4 19. Ba6+ Kb8 20. Rd1
Ne2+ 21. Bxe2 Qe5+ 22. Kc2 Qxe2+ 23. Rd2 Qxf3 24. Rxd8+ Rxd8 25. Bg5 Qxf2+ 26.
Kc1 Qe1+ 27. Kb2 Qe5+ 28. Kc1 Rd5 29. Rb3 Qa1+ 30. Rb1 Qc3+ 31. Qc2 Qa3+ 32. Qb2
Rc5+ 33. Kd1 Qd3+ 34. Qd2 Qxb1+ {White resigns} 0-1

[Event "Team 45 45 League T26"]
[Site "Internet Chess Club"]
[Date "2005.04.15"]
[Round "5"]
[White "ToledoKid"]
[Black "StevieBlunder"]
[Result "1-0"]
[WhiteElo "1629"]
[BlackElo "1692"]
[TimeControl "2700+45"]

1. e4 d6 2. d4 Nf6 3. Nc3 g6 4. Nf3 Bg7 5. Be2 O-O 6. O-O c5 7. dxc5 dxc5 8. Be3
Qa5 9. Qc1 Bg4 10. Bh6 Bxf3 11. Bxf3 e5 12. Bxg7 Kxg7 13. Nd5 Nc6 14. Qg5 Qd8
15. c3 Ne8 16. Qe3 b6 17. Rad1 Nd6 18. Be2 Rc8 19. f4 f5 20. fxe5 Nxe5 21. exf5
Re8 22. f6+ Kf7 23. Ne7 Nc6 24. Rxd6 Qxd6 25. Bc4+ Kf8 26. Qh6# {Black
checkmated} 1-0

[Event "Team 45 45 League T26"]
[Site "Internet Chess Club"]
[Date "2005.04.17"]
[Round "5"]
[White "TheWhisper"]
[Black "DeepHmmm"]
[Result "0-1"]
[WhiteElo "2103"]
[BlackElo "2214"]
[TimeControl "2700+45"]

1. e4 c5 2. Nf3 Nc6 3. d4 cxd4 4. Nxd4 Nf6 5. Nc3 d6 6. f3 e5 7. Nb3 Be7 8. Be3
O-O 9. Qd2 a5 10. Bb5 Na7 11. Bd3 Be6 12. a3 Nc8 13. Qf2 a4 14. Nc1 d5 15. exd5
Nxd5 16. Nxd5 Qxd5 17. Ne2 Nd6 18. Nc3 Qc6 19. Qg3 Nf5 20. Bxf5 Bxf5 21. Qxe5
Bxc2 22. Qxe7 Rfe8 23. Qg5 h6 24. Qb5 Rxe3+ 25. Kd2 Rxc3 {White resigns} 0-1

[Event "Team 45 45 League T26"]
[Site "Internet Chess Club"]
[Date "2005.04.18"]
[Round "5"]
[White "Neo-Myshkin"]
[Black "fileman"]
[Result "1-0"]
[WhiteElo "1922"]
[BlackElo "1893"]
[TimeControl "2700+45"]

1. e4 Nc6 2. f4 e5 3. Bc4 exf4 4. Nf3 Be7 5. d4 Bh4+ 6. Kf1 d6 7. Bxf4 Bg4 8. c3
Nge7 9. Bxf7+ Kf8 10. Bb3 Ng6 11. Be3 Ke8 12. Qd3 Bxf3 13. gxf3 Rf8 14. Ke2 Qf6
15. Nd2 Ke7 16. Raf1 Rae8 17. Kd1 Nf4 18. Qb5 Nd8 19. e5 Qg6 20. Rhg1 Ng2 21.
exd6+ cxd6 22. Rxg2 Qxg2 23. Rg1 Qh3 24. Rxg7+ Nf7 25. Bg5+ Bxg5 26. Qxg5+ Kd7
27. Bxf7 Re7 28. Bb3 {Black resigns} 1-0

[Event "Team 45 45 League T26"]
[Site "Internet Chess Club"]
[Date "2005.04.17"]
[Round "5"]
[White "Plattner"]
[Black "Nomad"]
[Result "1/2-1/2"]
[WhiteElo "1859"]
[BlackElo "1926"]
[TimeControl "2700+45"]

1. e4 c5 2. Nf3 Nc6 3. Bb5 Nf6 4. Nc3 Nd4 5. e5 Nxb5 6. exf6 Nxc3 7. fxg7 Bxg7
8. dxc3 d5 9. Nh4 e5 10. Qh5 Be6 11. Bg5 Qd7 12. f3 Bf5 13. Nxf5 Qxf5 14. Qh4
O-O 15. O-O-O d4 16. c4 Qe6 17. b3 a6 18. Qe4 b5 19. f4 exf4 20. Qxf4 bxc4 21.
Rhe1 Qc6 22. Rf1 cxb3 23. axb3 Rac8 24. Be7 Bh6 25. Bg5 Bxg5 26. Qxg5+ Qg6 27.
Qd5 Rfe8 28. Rf5 Qe6 29. Rg5+ Kh8 30. Qf3 Qe3+ 31. Qxe3 Rxe3 32. Rf1 Rg8 33.
Rxc5 Rxg2 34. Rxf7 d3 35. Rc8+ Rg8 36. Rxg8+ Kxg8 37. Rf2 Kg7 38. cxd3 Rxd3 39.
Kc2 Rd6 {Game drawn by mutual agreement} 1/2-1/2

[Event "Team 45 45 League T26"]
[Site "Internet Chess Club"]
[Date "2005.04.24"]
[Round "5"]
[White "achessman"]
[Black "BillyNoMates"]
[Result "1-0"]
[WhiteElo "1929"]
[BlackElo "1766"]
[TimeControl "2700+45"]

1. e4 e6 2. Qe2 c5 3. Nf3 Nc6 4. g3 Nge7 5. Bg2 d5 6. d3 d4 7. O-O e5 8. Ne1 h5
9. f4 Bg4 10. Nf3 h4 11. h3 Bxf3 12. Qxf3 hxg3 13. Qxg3 Qd6 14. Na3 f6 15. Nc4
Qc7 16. a4 Rh6 17. Qf2 Ng6 18. fxe5 fxe5 19. Bxh6 gxh6 20. Qf6 Nf4 21. Nxe5 Bg7
22. Qxf4 Nxe5 23. Qf5 Rd8 24. Qh7 Rd6 25. Qg8+ {Black resigns} 1-0

[Event "Team 45 45 League T26"]
[Site "Internet Chess Club"]
[Date "2005.04.16"]
[Round "5"]
[White "Ser-Enigma"]
[Black "BaroneRosso"]
[Result "1-0"]
[WhiteElo "2076"]
[BlackElo "1995"]
[TimeControl "2700+45"]

1. d4 Nf6 2. Bg5 Ne4 3. Bf4 c5 4. f3 Qa5+ 5. c3 Nf6 6. Nd2 cxd4 7. Nb3 Qb6 8.
Qxd4 Nc6 9. Qxb6 axb6 10. Nd4 e5 11. Nxc6 dxc6 12. Bxe5 Be6 13. a3 b5 14. e4 b4
15. cxb4 Bxb4+ 16. Ke2 Ba5 17. Bd4 O-O-O 18. Be3 Bb3 19. g3 Rhe8 20. Nh3 h6 21.
Rc1 g5 22. Nf2 g4 23. Bxh6 gxf3+ 24. Kxf3 Nxe4 25. Nxe4 Bd5 26. Bh3+ Kb8 27.
Bf4+ Ka8 28. Bf5 Re7 29. b4 Bb6 30. Bg5 Re5 31. Bxd8 Rxf5+ 32. Kg4 Bxe4 33. Bxb6
Rb5 34. Rhe1 f5+ 35. Kf4 Rxb6 36. h4 Ra6 37. Rc3 Kb8 38. g4 Kc7 39. gxf5 Bd5 40.
f6 Ra8 41. Re7+ Kd6 42. Rxb7 Rf8 43. Kg5 Ke6 44. Re3+ Kd6 45. Ree7 {Black
resigns} 1-0